Map: Мир спящих РВ

Players

ИИ 1 (эксперт) - Winner!

  • Race: Zerg Zerg
  • Spawn Location: 7:00

ИИ 2 (ученик)

  • Race: Terran Terran
  • Spawn Location: 1:00

VOD

Have the link to the VOD?

Description

Time

  • Played on: Aug. 19, 2019, 6:56 p.m.
  • Length: 16:51
Show
View Real Time Build Order
Export as new Build Order

ИИ 1 (эксперт) Zerg - Winner!

Build Orders: Hatch First 

Get SALT Encoding   

  12  0:01  Drone  
  13  0:12  Overlord  
  13  0:16  Drone  
  14  0:30  Drone x2  
  14  0:34  Drone  
  17  0:54  Hatchery  
  17  0:55  Drone  
  17  1:12  Spawning Pool  
  17  1:13  Extractor  
  17  1:16  Drone  
  16  1:19  Drone  
  16  1:22  Extractor  
  16  1:25  Drone  
  17  1:29  Drone  
  18  1:38  Drone  
  19  1:49  Overlord  
  19  1:59  Queen  
  21  2:04  Zergling x2  
  22  2:13  Drone  
  23  2:27  Queen  
  25  2:32  Drone  
  27  2:37  Drone  
  27  2:41  Drone  
  27  2:44  Drone  
  29  2:58  Roach Warren  
  28  3:00  Drone  
  28  3:03  Drone  
  30  3:06  Zergling x2  
  30  3:09  Zergling x2  
  32  3:14  Zergling x2  
  32  3:18  Overlord  
  32  3:21  Drone  
  32  3:25  Drone  
  34  3:40  Roach x2  
  34  3:41  Roach  
  40  3:42  Roach  
  42  3:49  Lair  
  42  3:54  Overlord  
  42  3:59  Overlord  
  42  4:02  Zergling x2  
  43  4:12  Drone, Zergling x4  
  43  4:13  Drone  
  43  4:15  Drone  
  48  4:18  Drone  
  48  4:20  Drone  
  52  4:24  Roach  
  52  4:30  Roach  
  54  4:32  Overlord  
  54  4:41  Drone  
  54  4:42  Drone  
  54  4:44  Drone  
  57  4:46  Drone  
  57  4:50  Drone, Infestation Pit  
  57  4:52  Overlord  
  58  4:57  Overlord  
  58  5:00  Roach  
  58  5:05  Hydralisk Den  
  59  5:09  Drone  
  59  5:11  Drone  
  59  5:13  Drone  
  62  5:15  Drone  
  62  5:17  Drone  
  62  5:19  Drone  
  66  5:21  Drone  
  66  5:23  Drone  
  66  5:24  Drone  
  66  5:26  Drone  
  70  5:28  Drone  
  70  5:30  Drone  
  70  5:32  Infestor  
  73  5:35  Hydralisk  
  73  5:36  Overlord  
  73  5:39  Hydralisk  
  77  5:44  Roach  
  77  5:48  Roach  
  81  5:50  Roach  
  81  5:52  Metabolic Boost  
  81  5:54  Infestor  
  81  5:55  Overlord  
  85  6:00  Evolution Chamber  
  84  6:13  Baneling Nest, Drone  
  84  6:14  Evolution Chamber  
  84  6:15  Drone  
  84  6:20  Evolution Chamber  
  84  6:21  Drone  
  84  6:25  Extractor  
  84  6:26  Drone, Zerg Ground Armor Level 1  
  84  6:28  Hatchery  
  84  6:32  Drone  
  84  6:33  Ravager  
  84  6:37  Roach  
  87  6:40  Zerg Missile Weapons Level 1  
  87  6:45  Extractor  
  87  6:46  Zerg Melee Weapons Level 1, Drone  
  87  6:48  Overlord, Drone x3  
  87  6:52  Ravager  
  91  6:55  Roach  
  91  6:57  Baneling  
  91  6:59  Baneling  
  91  7:01  Baneling  
  93  7:04  Baneling  
  93  7:07  Drone x2, Baneling  
  95  7:15  Baneling, Overseer  
  95  7:17  Baneling  
  95  7:19  Baneling  
  95  7:22  Overlord, Baneling, Zergling x2  
  96  7:24  Baneling  
  96  7:26  Baneling, Zergling x2  
  96  7:28  Baneling  
  97  7:34  Spine Crawler  
  97  7:35  Drone  
  97  7:40  Spine Crawler  
  97  7:41  Centrifical Hooks, Drone x3  
  97  7:42  Drone x3  
  97  7:43  Drone x3  
  105  7:45  Drone  
  105  7:50  Drone  
  107  7:53  Drone  
  107  7:56  Overlord  
  108  7:58  Extractor  
  108  8:01  Drone  
  108  8:04  Drone, Extractor  
  108  8:06  Infestor, Hydralisk, Roach, Drone  
  108  8:07  Drone x2  
  108  8:08  Drone  
  108  8:12  Drone  
  119  8:16  Overlord  
  119  8:18  Drone  
  120  8:23  Drone  
  120  8:27  Drone  
  122  8:29  Drone  
  122  8:33  Drone  
  124  8:34  Infestor, Drone  
  124  8:35  Overlord, Drone, Roach x2  
  124  8:37  Zerg Missile Weapons Level 2  
  124  8:38  Hydralisk  
  134  8:51  Zerg Ground Armor Level 2  
  134  8:53  Overlord  
  134  8:54  Spore Crawler  
  134  8:55  Drone  
  134  9:00  Spore Crawler, Drone  
  134  9:01  Queen  
  136  9:04  Pathogen Glands  
  136  9:11  Overlord  
  136  9:16  Spine Crawler  
  135  9:23  Zergling x2  
  136  9:29  Queen  
  138  9:31  Zergling x4  
  138  9:32  Baneling  
  138  9:33  Hatchery  
  138  9:37  Roach  
  128  9:40  Roach  
  128  9:44  Hydralisk  
  128  9:45  Roach  
  128  9:47  Baneling x2, Zergling x2  
  128  9:51  Spine Crawler  
  128  9:53  Hydralisk  
  128  9:54  Spine Crawler  
  128  9:55  Baneling x2  
  128  9:59  Hydralisk  
  129  10:03  Roach  
  129  10:05  Neural Parasite, Baneling x2, Zergling x2  
  131  10:07  Roach, Zergling x2  
  131  10:08  Ravager  
  131  10:09  Roach  
  131  10:14  Zergling x2, Lurker Den  
  135  10:15  Zergling x2  
  135  10:17  Roach, Zergling x2  
  138  10:23  Baneling, Zergling x2  
  138  10:24  Zergling x2  
  138  10:26  Roach  
  138  10:27  Zergling x2  
  141  10:30  Spine Crawler  
  141  10:33  Spore Crawler, Roach  
  141  10:35  Spine Crawler  
  138  10:37  Spore Crawler  
  138  10:40  Spore Crawler  
  138  10:41  Roach x2  
  136  10:45  Drone, Roach  
  136  10:46  Drone  
  136  10:47  Roach, Baneling  
  136  10:48  Drone x3  
  136  10:49  Drone x2  
  144  10:50  Drone  
  144  10:51  Overlord, Drone x2  
  144  10:52  Baneling  
  144  10:54  Drone  
  144  10:55  Extractor  
  144  10:56  Hatchery, Drone  
  143  10:57  Drone  
  143  11:00  Roach  
  136  11:05  Roach  
  136  11:06  Roach  
  136  11:07  Ravager  
  136  11:09  Roach  
  139  11:22  Extractor  
  139  11:23  Drone  
  137  11:26  Spine Crawler  
  137  11:28  Drone  
  137  11:35  Hydralisk  
  137  11:37  Hydralisk  
  141  11:42  Ravager, Spore Crawler, Drone  
  141  11:43  Roach  
  141  11:45  Roach  
  141  11:46  Roach  
  147  11:57  Spine Crawler  
  147  11:58  Drone, Zergling x2  
  147  11:59  Spore Crawler  
  147  12:01  Drone  
  147  12:02  Spine Crawler  
  147  12:03  Zergling x2  
  147  12:04  Spore Crawler, Drone  
  147  12:05  Drone  
  147  12:08  Spore Crawler, Queen  
  146  12:09  Drone, Overseer  
  146  12:11  Zerg Melee Weapons Level 2  
  146  12:12  Overseer  
  146  12:14  Spire  
  146  12:15  Drone  
  149  12:23  Baneling, Zergling x2  
  149  12:24  Baneling  
  150  12:35  Unknown, Zergling x2  
  150  12:36  Infestor, Drone  
  153  12:38  Zergling x2  
  153  12:42  Zergling x2  
  153  12:43  Infestor, Spine Crawler  
  153  12:44  Overlord, Drone  
  156  12:45  Hatchery, Hive  
  156  12:46  Drone  
  157  12:51  Baneling  
  157  12:52  Baneling  
  157  12:58  Spine Crawler  
  157  12:59  Drone, Baneling  
  157  13:00  Baneling  
  157  13:01  Glial Reconstitution  
  157  13:02  Spine Crawler  
  157  13:03  Zergling x2  
  157  13:04  Drone  
  158  13:05  Zergling x2  
  158  13:06  Spine Crawler, Infestor  
  158  13:07  Overlord, Drone  
  158  13:08  Infestor, Pneumatized Carapace  
  158  13:10  Hydralisk  
  165  13:13  Hydralisk  
  165  13:15  Hydralisk  
  165  13:17  Hydralisk  
  165  13:19  Hydralisk  
  171  13:22  Hydralisk  
  171  13:25  Zergling x2  
  171  13:26  Corruptor  
  176  13:27  Overlord  
  176  13:28  Corruptor  
  180  13:43  Spore Crawler  
  180  13:45  Drone  
  180  13:46  Spore Crawler  
  180  13:47  Lurker  
  180  13:48  Drone  
  181  13:49  Hydralisk  
  181  13:50  Spore Crawler, Lurker, Zergling x2  
  181  13:51  Drone, Baneling  
  181  13:55  Spine Crawler  
  182  13:57  Zerg Missile Weapons Level 3, Drone  
  182  13:59  Viper, Greater Spire, Queen  
  188  14:03  Viper  
  191  14:11  Hydralisk, Baneling x2, Zergling x2  
  191  14:12  Zergling x2  
  191  14:15  Spore Crawler, Drone, Zergling x2  
  196  14:21  Spine Crawler  
  196  14:22  Drone  
  196  14:24  Spine Crawler, Zergling x2  
  196  14:25  Drone  
  197  14:35  Hatchery  
  197  14:38  Drone  
  196  14:40  Spine Crawler  
  196  14:41  Drone  
  196  14:42  Baneling  
  196  14:43  Spore Crawler, Baneling, Zergling x2  
  195  14:46  Drone  
  196  15:02  Baneling x2  
  196  15:03  Zergling x2  
  196  15:04  Corruptor  
  196  15:05  Spore Crawler  
  198  15:11  Spore Crawler, Drone  
  198  15:15  Spore Crawler, Drone  
  197  15:31  Drone  
  198  15:41  Spine Crawler  
  197  15:43  Drone  
  197  15:45  Spore Crawler  
  197  15:46  Drone  
  198  15:53  Queen  
  197  16:04  Zergling x2  
  197  16:08  Hatchery, Drone  
  197  16:12  Corruptor  
  197  16:13  Spine Crawler  
  197  16:15  Corruptor, Drone  
  197  16:17  Spore Crawler, Zergling x2  
  197  16:18  Drone, Zergling x2  
  197  16:20  Spine Crawler, Zergling x2  
  197  16:22  Spine Crawler, Drone, Baneling, Zergling x2  
  197  16:23  Baneling  
  197  16:24  Drone  
  198  16:26  Spine Crawler, Zergling x2  
  198  16:28  Spine Crawler, Drone  
  198  16:29  Zergling x2  
  198  16:31  Drone  
Show
View Real Time Build Order
Export as new Build Order

ИИ 2 (ученик) Terran 

Build Orders:  

Get SALT Encoding   

  12  0:00  SCV  
  13  0:15  Supply Depot  
  13  0:16  SCV  
  14  0:51  Command Center  
  14  0:54  SCV  
  15  1:08  Barracks  
  15  1:10  SCV  
  16  1:18  Refinery  
  16  1:22  SCV  
  17  1:31  Supply Depot  
  17  1:35  SCV  
  18  1:50  Barracks  
  18  1:52  SCV  
  19  1:57  Marine  
  20  2:04  SCV  
  21  2:16  Orbital Command  
  21  2:21  SCV  
  22  2:23  Barracks Reactor  
  22  2:34  Refinery  
  22  2:35  SCV  
  22  2:36  Marine  
  24  2:41  SCV  
  25  2:51  Orbital Command  
  25  2:55  Barracks Reactor  
  25  2:56  SCV  
  26  2:59  Marine  
  26  3:02  Bunker  
  26  3:03  Marine  
  28  3:08  SCV  
  29  3:15  Factory  
  29  3:19  Marine  
  30  3:20  SCV  
  30  3:23  Marine  
  30  3:26  SCV  
  33  3:31  Marine  
  33  3:32  SCV  
  35  3:36  Marine  
  35  3:40  Marine  
  37  3:44  Marine  
  37  3:45  SCV, Supply Depot  
  39  3:51  Engineering Bay  
  39  3:52  Marine  
  39  3:54  SCV  
  41  3:57  Marine  
  41  4:01  Marine, Factory Reactor  
  43  4:05  Marine  
  43  4:06  SCV  
  45  4:10  Marine  
  45  4:13  Supply Depot  
  45  4:17  SCV  
  45  4:19  Factory  
  45  4:22  Terran Infantry Weapons Level 1  
  45  4:23  SCV  
  47  4:29  Marine, SCV, Refinery  
  49  4:35  SCV  
  49  4:36  Supply Depot  
  49  4:38  Hellion  
  52  4:42  Hellion  
  52  4:44  Supply Depot  
  54  4:49  SCV  
  54  4:50  Engineering Bay  
  55  4:53  Missile Turret  
  55  4:56  SCV  
  56  5:01  Missile Turret  
  56  5:02  Factory Reactor  
  56  5:04  Hellion  
  58  5:08  SCV  
  58  5:10  Hellion  
  58  5:12  SCV  
  62  5:14  Reaper  
  63  5:26  Command Center  
  63  5:28  SCV  
  64  5:31  Terran Infantry Armor Level 1  
  64  5:33  Marine  
  65  5:38  Hellion  
  65  5:41  SCV  
  65  5:42  Hellion  
  70  5:45  Supply Depot, SCV  
  70  5:48  Hellion  
  73  5:53  Hellion, SCV  
  76  5:59  Hellion, Supply Depot  
  78  6:04  Armory  
  78  6:07  Supply Depot, SCV  
  78  6:10  Hellion  
  81  6:14  Hellion  
  85  6:18  Hellion  
  85  6:20  SCV  
  85  6:23  Hellion  
  88  6:27  Reaper, Supply Depot  
  88  6:30  SCV  
  88  6:31  Reaper  
  91  6:33  SCV  
  91  6:36  Reaper  
  91  6:38  Supply Depot  
  93  6:40  Reaper  
  93  6:45  Hellion  
  96  6:48  SCV  
  96  6:52  Hellion  
  99  6:56  Hellion  
  99  6:57  Bunker  
  99  7:00  Hellion, SCV  
  104  7:01  Refinery  
  104  7:04  Missile Turret  
  104  7:09  Factory  
  104  7:12  Barracks  
  104  7:13  SCV  
  104  7:15  Planetary Fortress  
  105  7:18  Hellion  
  109  7:22  Hellion  
  109  7:27  Hellion, SCV  
  112  7:31  Hellion  
  112  7:35  Marine  
  115  7:38  SCV  
  115  7:39  Marine, Supply Depot  
  115  7:44  Marine  
  117  7:48  Command Center  
  117  7:50  Marine  
  119  7:52  SCV  
  119  7:53  Factory Tech Lab  
  119  7:55  SCV  
  119  7:58  SCV  
  122  7:59  Barracks Tech Lab  
  122  8:04  SCV  
  123  8:07  Supply Depot  
  123  8:12  Infernal Pre-Igniter  
  123  8:13  Siege Tank  
  123  8:17  SCV  
  123  8:18  Combat Shield  
  127  8:25  Factory  
  127  8:29  Barracks  
  127  8:30  SCV  
  127  8:33  Barracks  
  128  8:44  Starport  
  128  8:45  SCV  
  129  8:57  Terran Infantry Armor Level 2, Supply Depot  
  129  8:59  SCV  
  129  9:02  Starport, Orbital Command  
  130  9:09  Bunker, Refinery  
  130  9:12  Missile Turret, SCV  
  130  9:13  Factory Tech Lab  
  130  9:16  Terran Infantry Weapons Level 2  
  131  9:17  Barracks Reactor  
  131  9:20  Command Center  
  131  9:24  Barracks Reactor  
  131  9:25  Medivac  
  131  9:29  SCV  
  134  9:33  Hellion  
  134  9:37  Reaper  
  134  9:38  Medivac  
  117  9:41  Hellion  
  117  9:42  SCV  
  95  9:46  Reaper  
  95  9:51  Hellion  
  85  9:54  Marine  
  85  9:55  SCV  
  85  9:59  Marine  
  85  10:03  Marine  
  77  10:08  Marine  
  77  10:09  SCV  
  77  10:12  Marine  
  75  10:16  Marine  
  75  10:21  Marine  
  70  10:23  SCV  
  70  10:25  Marine  
  69  10:29  Marine  
  69  10:34  Marine  
  66  10:37  SCV  
  66  10:39  Hellion  
  63  10:43  Marine  
  63  10:48  Hellion  
  61  10:51  SCV  
  61  10:52  Hellion  
  61  10:56  Marine  
  61  10:59  Missile Turret  
  61  11:01  Marine  
  61  11:04  Bunker, SCV  
  61  11:05  Marine  
  61  11:09  Marine  
  51  11:14  Marine, SCV  
  51  11:17  SCV  
  52  11:19  Marine  
  52  11:20  SCV  
  52  11:23  SCV  
  52  11:24  Hellion  
  49  11:26  SCV  
  49  11:29  Hellion  
  44  11:33  Hellion  
  44  11:34  SCV  
  44  11:37  Marine, SCV  
  46  11:40  SCV  
  46  11:42  Hellion  
  46  11:43  SCV  
  46  11:44  Unknown  
  46  11:46  Marine, SCV  
  46  11:50  SCV  
  46  11:51  Hellion  
  46  11:53  SCV  
  49  11:55  Marine  
  49  11:56  SCV  
  49  11:59  Marine, SCV  
  47  12:02  SCV  
  47  12:03  Marine  
  47  12:06  SCV  
  47  12:08  Marine, SCV  
  44  12:12  Marine, SCV  
  44  12:14  SCV  
  45  12:17  Hellion  
  45  12:18  SCV  
  45  12:22  Hellion  
  41  12:24  SCV  
  41  12:25  Missile Turret  
  41  12:26  Hellion  
  41  12:27  SCV  
  40  12:30  Marine  
  40  12:31  SCV  
  40  12:34  SCV  
  42  12:37  SCV  
  42  12:40  Hellion  
  42  12:41  SCV  
  43  12:44  Marine  
  43  12:47  SCV  
  43  12:48  Marine  
  43  12:50  SCV  
  39  12:53  Reaper, SCV  
  39  12:55  SCV  
  39  12:57  Marine  
  41  13:02  Marine  
  38  13:07  Marine  
  38  13:09  Marine  
  38  13:11  Hellion x2  
  42  13:15  Marine  
  42  13:20  Marine  
  42  13:24  Marine  
  42  13:25  Marine  
  42  13:27  Marine  
  42  13:29  Command Center  
  42  13:33  Marine  
  34  13:42  Marine  
  34  13:43  Marine  
  34  13:45  Marine  
  30  13:51  Marine  
  26  13:55  SCV  
  26  14:01  SCV  
  25  14:03  Marine  
  25  14:04  SCV  
  25  14:05  Viking  
  28  14:12  SCV  
  28  14:13  Hellion  
  28  14:17  SCV  
  28  14:19  Marine  
  28  14:21  Marine x2  
  28  14:22  Marine  
  31  14:29  Viking  
  32  14:34  SCV  
  32  14:37  Marine, Hellion, SCV  
  35  14:40  SCV  
  35  14:45  Marine  
  29  14:52  Marine  
  28  14:59  Marine  
  20  15:13  SCV, Command Center  
  20  15:20  SCV  
  17  15:27  SCV  
  17  15:28  Marine x2  
  20  15:39  Hellion  
  20  15:55  Starport  
  6  16:30  SCV  
  6  16:32  Command Center  
Tags
 
Add a new tag
Caveats
  • Supply blocks, unpowered buildings, or Contaminate may cause inaccurate times.
  • Supply counts are checked every 10 seconds.